Map: [ESL] Dragon Scales

Players

Maru - Winner!

  • Race: Terran Terran

RagnaroK (SHIN)

  • Race: Zerg Zerg

Event: IEM Katowice 2023

VOD

Have the link to the VOD?

Description

Time

  • Played on: Feb. 12, 2023, 11:05 a.m.
  • Length: 12:28

All games in this series

Show
View Real Time Build Order
Export as new Build Order

Maru Terran - Winner!

Build Orders:  

Get SALT Encoding   

  12  0:00  SCV  
  13  0:12  SCV  
  14  0:17  Supply Depot  
  14  0:24  SCV  
  15  0:38  SCV  
  15  0:39  Barracks  
  16  0:42  Refinery  
  16  0:51  SCV  
  17  0:59  Barracks  
  17  1:03  SCV  
  18  1:15  SCV  
  19  1:27  Orbital Command, Reaper  
  19  1:30  Supply Depot  
  20  1:46  Reaper  
  21  1:52  SCV  
  22  2:03  Reaper  
  22  2:04  SCV  
  24  2:09  Command Center  
  24  2:16  SCV, Refinery  
  25  2:26  Barracks Reactor  
  25  2:29  SCV  
  26  2:36  Barracks Tech Lab  
  26  2:41  SCV  
  27  2:50  Command Center  
  27  2:53  SCV  
  27  2:58  Marine  
  28  3:04  Stimpack  
  28  3:05  Marine  
  30  3:06  SCV  
  31  3:18  Factory  
  31  3:20  SCV  
  32  3:27  Orbital Command  
  32  3:31  Marine x2  
  32  3:33  Marine  
  35  3:35  SCV  
  36  3:47  SCV  
  37  3:49  Marine x2  
  37  3:51  Marine  
  37  3:52  SCV  
  41  3:59  SCV  
  42  4:03  Factory Reactor, Starport  
  42  4:04  SCV  
  42  4:06  Orbital Command  
  42  4:09  Marine x2  
  45  4:11  Marine  
  45  4:15  SCV  
  45  4:16  SCV  
  48  4:20  Supply Depot  
  48  4:27  Marine x2, SCV  
  48  4:28  SCV  
  48  4:29  Marine  
  53  4:32  SCV  
  54  4:39  SCV  
  54  4:40  Engineering Bay x2  
  54  4:41  SCV  
  54  4:44  Factory Tech Lab  
  54  4:45  Refinery  
  56  4:47  Orbital Command  
  56  4:48  Medivac  
  56  4:49  Medivac  
  56  4:51  SCV  
  61  4:52  Combat Shield  
  61  4:56  SCV  
  61  4:58  Supply Depot  
  62  5:02  Marine x3  
  62  5:03  SCV  
  66  5:12  SCV  
  69  5:14  SCV  
  69  5:15  Terran Infantry Weapons Level 1  
  69  5:16  Terran Infantry Armor Level 1  
  69  5:17  SCV  
  69  5:21  Barracks, Supply Depot  
  68  5:24  SCV  
  68  5:25  Marine  
  68  5:26  SCV  
  68  5:27  Starport Reactor  
  71  5:29  Marine, SCV  
  73  5:36  SCV  
  73  5:37  Refinery  
  73  5:39  Siege Tank  
  73  5:40  SCV  
  77  5:43  SCV  
  77  5:45  Supply Depot  
  77  5:48  SCV  
  78  5:54  Barracks, SCV  
  78  5:55  Barracks  
  80  5:57  SCV  
  80  6:06  Supply Depot x2  
  80  6:08  Medivac  
  80  6:09  Medivac  
  84  6:15  Siege Tank  
  84  6:18  SCV x2  
  89  6:19  Marine x4  
  89  6:25  Barracks  
  93  6:27  Barracks  
  93  6:31  Barracks  
  93  6:32  SCV  
  94  6:33  Marine  
  94  6:37  Marine x3  
  94  6:39  SCV x2  
  100  6:41  Supply Depot  
  100  6:44  SCV  
  100  6:45  Supply Depot, Barracks Reactor x2  
  101  6:50  Siege Tank  
  101  6:53  SCV x2  
  105  6:56  Marine x3, SCV  
  109  7:03  Medivac  
  109  7:06  Supply Depot, Armory  
  109  7:08  Supply Depot  
  111  7:09  Supply Depot  
  111  7:12  Medivac  
  113  7:16  Marine x7  
  113  7:20  Marine  
  121  7:23  Marine x2  
  121  7:25  Supply Depot  
  121  7:26  Marine x2  
  121  7:28  Siege Tank  
  128  7:33  Marine, Supply Depot  
  128  7:34  Marine  
  128  7:36  Marine x3  
  128  7:37  Marine x3  
  133  7:41  Marine  
  133  7:42  Marine  
  138  7:44  Marine  
  138  7:45  Marine  
  140  7:51  Marine x2  
  140  7:53  Marine x2  
  140  7:54  Marine x3, Terran Infantry Weapons Level 2  
  147  8:00  Marine x3  
  147  8:03  Terran Infantry Armor Level 2  
  147  8:05  Siege Tank  
  153  8:06  Marine x2  
  153  8:09  Marine x2  
  153  8:11  Marine x2  
  153  8:12  Marine x3  
  160  8:18  Marine x3  
  160  8:19  Supply Depot  
  164  8:21  SCV  
  164  8:23  SCV  
  164  8:24  Marine  
  164  8:26  Marine  
  158  8:27  SCV  
  158  8:33  SCV  
  151  8:35  Marine, SCV  
  151  8:39  Marine, SCV  
  153  8:44  Marine  
  153  8:45  SCV  
  153  8:47  Siege Tank  
  153  8:48  Marine x6  
  144  8:54  Marine  
  144  8:55  Marine  
  147  8:57  Marine  
  147  8:58  Marine x2  
  147  9:02  Marine  
  148  9:05  Marine  
  148  9:06  Marine  
  148  9:08  SCV  
  148  9:09  SCV x2  
  146  9:13  Medivac x2  
  149  9:19  Siege Tank  
  149  9:20  SCV  
  149  9:21  SCV  
  154  9:25  Marine x2, Command Center  
  154  9:30  Marine  
  157  9:35  Marine x2  
  157  9:36  SCV  
  157  9:37  SCV  
  161  9:38  Supply Depot  
  161  9:41  Marine x3  
  161  9:44  Marine  
  165  9:51  Marine x3, Siege Tank  
  163  10:01  Marine, Medivac x2  
  163  10:03  Marine  
  163  10:04  SCV x3  
  163  10:06  Marine x2  
  153  10:09  Marine x2  
  153  10:10  Marine  
  154  10:16  SCV x2  
  154  10:19  SCV  
  151  10:23  Siege Tank  
  149  10:28  SCV x2  
  149  10:30  Marine  
  149  10:31  SCV  
  143  10:39  Medivac  
  143  10:40  Marine, Medivac, SCV  
  143  10:41  SCV  
  150  10:43  SCV  
  150  10:48  Marine  
  150  10:49  Marine x3  
  145  10:52  SCV  
  145  10:53  SCV  
  145  10:55  SCV  
  145  10:56  Siege Tank, Marine x2  
  153  11:03  Marine x3  
  153  11:04  Marine  
  157  11:05  Marine x2, SCV  
  157  11:09  Medivac  
  157  11:10  Marine  
  157  11:11  Marine  
  164  11:13  Planetary Fortress  
  164  11:15  SCV  
  164  11:27  Marine x4  
  164  11:30  Marine  
  164  11:31  Marine x2  
  165  11:34  Siege Tank  
  165  11:37  Marine x3  
  165  11:38  Marine  
  124  11:40  Marine  
  124  11:42  Medivac  
  124  11:45  Marine x2  
  124  11:46  Marine  
  128  11:49  Marine x3  
  128  11:50  Marine  
  128  11:52  SCV  
  128  11:54  Marine  
  128  11:55  Marine x2  
  128  12:04  Marine x4  
  128  12:06  Marine  
  128  12:07  Marine x3  
  122  12:10  SCV x2  
  135  12:27  Command Center  
Show
View Real Time Build Order
Export as new Build Order

RagnaroK Zerg 

Build Orders: Hatch First 

Get SALT Encoding   

  12  0:00  Drone  
  13  0:12  Overlord  
  13  0:17  Drone  
  14  0:31  Drone x2  
  16  0:47  Hatchery  
  15  0:51  Drone  
  15  0:55  Drone  
  17  0:58  Drone  
  18  1:09  Extractor  
  17  1:13  Spawning Pool  
  17  1:16  Drone  
  17  1:20  Drone  
  18  1:29  Drone  
  19  1:39  Drone  
  20  1:51  Drone  
  21  1:59  Queen x2  
  21  2:00  Zergling x4  
  27  2:11  Overlord  
  27  2:12  Metabolic Boost, Zergling x2  
  28  2:21  Extractor  
  28  2:22  Zergling x2  
  28  2:30  Zergling x2  
  28  2:31  Drone  
  31  2:42  Drone x2  
  31  2:43  Drone, Queen  
  35  2:52  Overlord  
  35  2:55  Drone  
  35  3:08  Drone  
  35  3:10  Queen, Zergling x2  
  39  3:13  Drone x3  
  39  3:14  Drone  
  39  3:19  Drone  
  44  3:27  Overlord, Hatchery  
  43  3:29  Drone  
  44  3:36  Overlord  
  44  3:44  Queen  
  44  3:46  Drone x4  
  50  3:50  Drone  
  50  3:53  Queen  
  50  3:55  Drone  
  53  3:56  Drone  
  53  3:59  Drone x2  
  56  4:04  Overlord  
  56  4:07  Drone  
  57  4:14  Drone  
  58  4:20  Extractor, Drone  
  58  4:21  Queen  
  58  4:22  Overlord  
  58  4:23  Drone  
  61  4:25  Drone  
  61  4:31  Overlord, Drone  
  63  4:33  Drone x2  
  63  4:35  Drone  
  66  4:40  Drone  
  66  4:42  Drone, Baneling Nest  
  66  4:45  Queen  
  67  4:47  Drone  
  67  4:51  Zergling x2  
  71  4:55  Drone x4  
  71  4:56  Zergling x2  
  71  4:57  Queen  
  78  5:00  Overlord  
  78  5:01  Extractor  
  78  5:03  Lair  
  78  5:05  Zergling x2  
  78  5:10  Zergling x6  
  78  5:13  Overlord x2  
  81  5:19  Zergling x8  
  85  5:22  Zergling x2  
  85  5:24  Queen  
  85  5:27  Zergling x2  
  89  5:30  Overlord  
  89  5:32  Zergling x8  
  93  5:39  Zergling x2  
  93  5:42  Zergling x8  
  98  5:44  Overlord  
  98  5:48  Overlord x3  
  98  5:49  Overlord  
  98  5:55  Zergling x2, Evolution Chamber x2  
  97  6:00  Drone  
  97  6:03  Drone  
  99  6:05  Drone, Centrifugal Hooks  
  99  6:11  Zergling x8  
  104  6:13  Drone  
  104  6:18  Drone  
  104  6:19  Drone x2  
  104  6:23  Hatchery  
  104  6:24  Drone x4  
  110  6:27  Extractor  
  110  6:28  Zerg Melee Weapons Level 1  
  110  6:31  Zerg Ground Armor Level 1  
  109  6:32  Baneling  
  109  6:33  Baneling x2  
  109  6:34  Drone  
  109  6:35  Drone  
  109  6:39  Zergling x2, Spore Crawler  
  108  6:40  Zergling x2  
  108  6:43  Zergling x4  
  110  6:48  Drone  
  110  6:49  Drone x2  
  110  6:50  Zergling x4  
  110  6:51  Zergling x2  
  110  6:53  Baneling x3  
  110  6:54  Spore Crawler  
  114  6:56  Baneling x2, Zergling x4  
  114  6:57  Baneling  
  114  7:00  Zergling x6  
  119  7:06  Drone  
  119  7:07  Zergling x2  
  119  7:08  Extractor  
  120  7:10  Baneling  
  120  7:11  Baneling x12  
  119  7:17  Drone x3  
  119  7:19  Hydralisk Den, Zergling x2  
  119  7:20  Zergling x4  
  124  7:27  Overlord  
  124  7:28  Drone x3  
  124  7:29  Zergling x6  
  130  7:35  Zergling x6  
  132  7:38  Spore Crawler  
  132  7:39  Baneling x4  
  132  7:40  Spore Crawler  
  132  7:41  Zergling x4  
  131  7:48  Zergling x18  
  140  7:51  Muscular Augments  
  140  7:52  Drone  
  140  7:54  Drone x2  
  140  7:58  Zergling x4  
  138  8:05  Zergling x6  
  141  8:06  Baneling x13  
  141  8:09  Zergling x2  
  139  8:16  Hydralisk  
  139  8:17  Zergling x16  
  142  8:24  Zergling x4  
  140  8:27  Hydralisk  
  140  8:28  Zergling x2  
  140  8:33  Hydralisk  
  138  8:35  Zergling x2  
  138  8:36  Hydralisk  
  138  8:37  Zergling x2  
  137  8:45  Hydralisk x8  
  139  8:50  Zergling x2  
  132  8:56  Zergling x4  
  129  9:04  Hatchery, Zergling x2  
  129  9:05  Zergling x2  
  129  9:08  Zergling x2  
  127  9:11  Zergling x2  
  127  9:16  Grooved Spines  
  127  9:17  Zergling x2  
  127  9:19  Zergling x2  
  127  9:20  Drone  
  127  9:23  Zergling x2  
  126  9:26  Hydralisk  
  126  9:31  Baneling x5  
  128  9:32  Hydralisk, Zergling x2  
  128  9:34  Baneling  
  128  9:35  Zergling x12  
  137  9:38  Hatchery  
  137  9:41  Zergling x4  
  137  9:44  Zergling x8  
  142  9:49  Zergling x2  
  142  9:56  Hydralisk  
  142  9:57  Zergling x2  
  142  9:59  Baneling x9  
  133  10:00  Hydralisk  
  133  10:05  Zergling x4  
  133  10:06  Zergling x10  
  137  10:10  Baneling x6  
  137  10:11  Zergling x8  
  134  10:15  Zergling x2  
  134  10:19  Drone  
  131  10:24  Hydralisk  
  131  10:25  Zergling x2  
  125  10:29  Zergling x2  
  125  10:33  Zergling x12  
  131  10:36  Drone  
  131  10:41  Baneling x14  
  132  10:43  Zergling x2  
  132  10:44  Zergling x2  
  132  10:48  Zergling x2  
  133  10:50  Zergling x2  
  133  10:53  Hatchery, Zergling x2  
  133  10:57  Extractor  
  133  10:58  Zergling x2  
  133  11:01  Drone, Evolution Chamber  
  133  11:02  Zergling x2, Evolution Chamber  
  132  11:05  Baneling x6  
  132  11:09  Zergling x2  
  131  11:14  Zergling x10  
  135  11:21  Zergling x6  
  135  11:25  Zergling x4  
  140  11:28  Zergling x2  
  134  11:35  Hydralisk  
  134  11:36  Zergling x2  
  134  11:39  Zergling x8  
  110  11:40  Zergling x2  
  110  11:43  Zergling x4  
  110  11:44  Baneling x8  
  106  11:48  Zergling x10  
  106  11:52  Zergling x2  
  95  11:58  Zergling x4  
  84  12:02  Zergling x2  
  84  12:07  Zergling x4  
  71  12:09  Baneling  
  71  12:11  Zergling x8  

Tags
 
Add a new tag
Caveats
  • Supply blocks, unpowered buildings, or Contaminate may cause inaccurate times.
  • Supply counts are checked every 10 seconds.